 Dungeon Crawl Stone Soup version 0.29-a0-878-g7b45a56547 (webtiles) character file.

Game seed: 15849296434361641461

74 Ijustatesigmund the Digger (level 4, 0/27 HPs)
             Began as an Octopode Earth Elementalist on July 20, 2022.
             Slain by an orc
             ... wielding a +0 trident
              (5 damage)
             ... on level 4 of the Dungeon.
             The game lasted 00:03:09 (2607 turns).

Ijustatesigmund the Digger (OpEE)                   Turns: 2607, Time: 00:03:09

Health: 0/27       AC:  1    Str:  7    XL:     4   Next: 28%
Magic:  6/8        EV: 13    Int: 19    God:
Gold:   166        SH:  0    Dex: 12    Spells: 2/8 levels left

rFire   . . .      SeeInvis .   b - +2 war axe (freeze)
rCold   . . .      Faith    .   (no shield)
rNeg    . . .      Spirit   .   (helmet restricted)
rPois   .          Reflect  .   (no amulet)
rElec   .          Harm     .   d - ring of flight
rCorr   .          Rampage  .   (no ring)
Will    .....                   (no ring)
Stlth   +++.......              (no ring)
HPRegen 0.09/turn               (no ring)
MPRegen 0.11/turn               (no ring)
                                (no ring)
                                (no ring)

@: flying, very slightly contaminated
A: almost no armour, amphibious, 8 rings, camouflage 1, gelatinous body 1,
(nimble swimmer 1), tentacles
a: no special abilities


You were on level 4 of the Dungeon.
You visited 1 branch of the dungeon, and saw 4 of its levels.

You collected 166 gold pieces.

Inventory:

Hand Weapons
 b - a +2 war axe of freezing (weapon)
Jewellery
 d - a ring of flight (left tentacle)
Scrolls
 g - 2 scrolls of enchant armour
 i - a scroll of immolation
 j - a scroll of teleportation
 l - a scroll of fear
Potions
 a - 2 potions of magic
 c - a potion of attraction {unknown}
 e - 2 potions of curing
 f - a potion of lignification {unknown}
 h - a potion of haste {unknown}
 k - a potion of resistance {unknown}


   Skills:
 - Level 2.0 Dodging
 - Level 2.6 Stealth
 + Level 2.7 Spellcasting
 * Level 1.3 Conjurations
 + Level 2.1 Transmutations
 + Level 3.6 Earth Magic


You had 2 spell levels left.
You knew the following spells:

 Your Spells              Type           Power      Damage    Failure   Level
a - Sandblast             Erth           32%        2d9       3%          1
b - Stone Arrow           Conj/Erth      24%        3d8       17%         3
c - Passwall              Tmut/Erth      10%        N/A       8%          2

Your spell library contained the following spells:

 Spells                   Type           Power      Damage    Failure   Level
 Petrify                  Tmut/Erth      13%        N/A       43%         4


Dungeon Overview and Level Annotations

Branches:
Dungeon (4/15)
 Temple: D:4-7

Altars:


Innate Abilities, Weirdness & Mutations

You cannot wear most types of armour.
You are amphibious.
You can wear up to eight rings at the same time.
Your skin changes colour to match your surroundings (Stealth+).
Your rubbery body absorbs attacks. (AC +1, EV +1)
((You are camouflaged when in or above water. (Stealth+)))
You have tentacles for arms and can constrict up to eight enemies at once.


Message History

The orc hits you with a +0 short sword.
An orc comes into view. It is wielding a +0 trident.
You barely miss the orc. You grab the orc.
The orc is almost dead.
You slash the orc! You freeze the orc.
You kill the orc!
You constrict the orc.
You kill the orc!
An orc comes into view. It is wielding a +0 flail.
The ball python bites you. The ball python barely misses you.
The orc moves out of view.
You hit the ball python. You freeze the ball python.
You kill the ball python!
An endoplasm comes into view.
The orc hits you from afar with a +0 trident!
You are too injured to fight recklessly!
Unknown command.
Casting: Sandblast (safe; 3% risk of failure)
Confirm with . or Enter, or press ? or * to list all spells.
Aiming: Sandblast (safe; 3% risk of failure)
Press: ? - help, Shift-Dir - straight line, f - dart slug
Aim: a dart slug (100% to hit)
You miscast Sandblast.
You are very lightly contaminated with residual magic.
Nothing appears to happen.
The endoplasm quivers.
The dart slug barely misses you.
Casting: Sandblast (safe; 3% risk of failure)
Confirm with . or Enter, or press ? or * to list all spells.
Aiming: Sandblast (safe; 3% risk of failure)
Press: ? - help, Shift-Dir - straight line, f/p - dart slug
Aim: a dart slug (100% to hit)
The blast of sand hits the dart slug!
The dart slug is severely wounded.
The orc hits you from afar with a +0 trident!
* * * LOW HITPOINT WARNING * * *
The dart slug launches a dart at you. The slug dart misses you.
The orc hits you from afar with a +0 trident.
You die...

#### #######
########....# #.....#
#.........#
#.###.###.###.#####.#
#.# #...#.###.......#
#.#####.#.#.#.#######
#........<#...#
###########@### #w#
#oo..# .J....#
.o........
#.........#
#.<.....#)# ........#
# #....#.#.#


You could see a dart slug, 3 orcs and an endoplasm.

Vanquished Creatures
  3 adders (D:2)
  A worm (D:3)
  2 orcs (D:4)
  4 ball pythons
  3 bats
  7 endoplasms
  A giant cockroach (D:2)
  A hobgoblin (D:2)
  2 jackals (D:2)
  4 kobolds
  3 frilled lizards
  6 goblins
  2 rats
39 creatures vanquished.

Notes
Turn   | Place    | Note
-------+----------+-------------------------------------------
     0 | D:1      | Ijustatesigmund the Octopode Earth Elementalist began the
                  | quest for the Orb.
     0 | D:1      | Reached XP level 1. HP: 11/11 MP: 3/3
   348 | D:1      | Reached XP level 2. HP: 17/17 MP: 5/5
   534 | D:1      | Found a faded altar of an unknown god.
  1001 | D:2      | Reached XP level 3. HP: 21/21 MP: 4/6
  1005 | D:2      | Learned a level 3 spell: Stone Arrow
  1008 | D:2      | Learned a level 2 spell: Passwall
  1378 | D:2      | Reached skill level 1 in Conjurations
  1378 | D:2      | Reached XP level 4. HP: 8/27 MP: 3/8
  2607 | D:4      | Slain by an orc

Illustrated notes

Levels and vault maps discovered:
D:1:      dpeg_arrival_tiny_a, layout_loops_cross,
          dreamdust_ecumenical_altar_hidden_monk_grotto
D:2:      layout_loops_ring, dreamdust_wishing_well
D:3:      layout_basic
D:4:      layout_basic, nicolae_elyvilon_peaceful_grove,
          mainiacjoe_overflow_alcove_1, nicolae_underground_beach,
          uniq_eustachio

Skill      XL: |  1  2  3 |
---------------+----------+-----
Transmutations | 2 |  2.1
Conjurations   | 1 |  1.3
Dodging        | |  2.0
Stealth        | |  2.6
Spellcasting   | |  2.7
Earth Magic    | |  3.6

Action                   |  1- 3 |  4- 6 || total
-------------------------+-------+-------++-------
Melee: Dagger            |     9 |       ||     9
       Tentacles         |     8 |     2 ||    10
       Constrict         |     3 |     5 ||     8
       War axe           |    18 |     9 ||    27
 Cast: Sandblast         |    20 |     1 ||    21
  Use: Scroll            |     4 |     5 ||     9
 Stab: Sleeping          |     5 |     1 ||     6
Dodge: Dodged            |    21 |    10 ||    31

Table legend: (Time is in decaauts)
 A = Elapsed time spent in this place.
 B = Non-inter-level travel time spent in this place.
 C = Inter-level travel time spent in this place.
 D = Time resting spent in this place.
 E = Time spent auto-exploring this place.
 F = Levels seen in this place.
 G = Mean time per level.
                   A        B        C        D        E       F      G
               +--------+--------+--------+--------+--------+-----+--------+
         Total |   2638 |   2617 |     21 |    440 |   1893 |   4 |  659.5 |
       Dungeon |   2638 |   2617 |     21 |    440 |   1893 |   4 |  659.5 |
               +--------+--------+--------+--------+--------+-----+--------+

Top non-repeatable levels by time:
     D:2: 1184 daAuts
     D:1: 756 daAuts
     D:3: 657 daAuts
     D:4: 40 daAuts
